 Dungeon Crawl Stone Soup version 0.30.0-13-g156ef70053 (webtiles) character file.

Game seed: 867532830157500926

49 trckry the Ducker (level 3, 0/17 HPs)
             Began as a Felid Chaos Knight on May 18, 2023.
             Was a Plaything of Xom.
             Slain by an adder (2 damage)
             ... on level 2 of the Dungeon.
             The game lasted 00:05:22 (949 turns).

trckry the Ducker (Felid Chaos Knight)               Turns: 949, Time: 00:05:22

Health: 0/17       AC:  1    Str:  8    XL:     3   Next: 51%
Magic:  4/4        EV: 18    Int: 15    God:    Xom [..*...]
Gold:   53         SH:  0    Dex: 15    Spells: 2/2 levels left
                                        Lives:  0   Deaths: 0

rFire   . .          .
                       - Unarmed
rCold   . . .        (shield unavailable)
rNeg    . . .        (body armour unavailable)
rPois   .            (helmet unavailable)
rElec   .            (cloak unavailable)
rCorr   .            (gloves unavailable)
SInv    +            (boots unavailable)
Will    .....        (no amulet)
Stlth   ++           (no ring)
HPRegen 0.22/turn    (no ring)
MPRegen 0.09/turn

%: no passive effects
@: lethally poisoned (0 -> -8), quick
A: very small, claws 1, fangs 3, see invisible, speed 1, shaggy fur 1, stealthy
paws, no weapons or thrown items, no armour, multi-lived
a: Renounce Religion


You were on level 2 of the Dungeon.
You worshipped Xom.
You were a toy of Xom.
You visited 1 branch of the dungeon, and saw 2 of its levels.

You collected 53 gold pieces.

Inventory:

Jewellery
 i - a ring of willpower
Wands
 j - a wand of flame (21)
Scrolls
 e - 2 scrolls of teleportation {unknown}
 g - a scroll of identify {unknown}
 l - a scroll of torment {unknown}
Potions
 b - 3 potions of curing {unknown}
 c - a potion of degeneration {unknown}
 d - 2 potions of might {unknown}
 f - a potion of magic {unknown}
 h - a potion of lignification {unknown}
 k - 2 potions of cancellation {unknown}
Miscellaneous
 a - a piece from Xom's chessboard (15/15) (quivered)


   Skills:
 + Level 3.5 Fighting
 + Level 4.0 Dodging
 + Level 0.6 Stealth
 + Level 3.4 Unarmed Combat
 + Level 0.2 Spellcasting
 + Level 0.4 Evocations


You had 2 spell levels left.
You didn't know any spells.
Your spell library contained the following spells:

 Spells                   Type           Power      Damage    Failure   Level
 Frozen Ramparts          Ice            0%         1d1       63%         3
 Ice Form                 Ice/Tmut       0%         N/A       95%         4
 Summon Ice Beast         Ice/Summ       0%         N/A       95%         4


Dungeon Overview and Level Annotations

Branches:
Dungeon (2/15) Zot: 11190

Altars:


Innate Abilities, Weirdness & Mutations

You have sharp claws.
You have razor-sharp teeth.
You have supernaturally acute eyesight. (SInv)
You cover ground quickly. (Speed+)
You are covered in fur. (AC +1)
Your paws help you pounce on unaware monsters.
You are incapable of wielding weapons or throwing items.
You cannot wear armour.
You gain extra lives every three experience levels.


Message History

Health restored: 17 A giant cockroach comes into view.
The adder attacks as you move away! The adder misses you.
The adder attacks as you move away! The adder misses you. The adder bites you.
You take 2 damage, and have 15/17 hp.
The adder attacks as you move away! The adder bites you.
You take 4 damage, and have 11/17 hp.
MASSIVE DAMAGE!!
You scratch the adder but do no damage. You bite the adder, but do no damage.
The adder bites you.
You take 1 damage, and have 11/17 hp.
You scratch the adder. Your bite misses the adder.
The adder is moderately wounded.
The adder bites you but does no damage.
You miss the adder. You bite the adder, but do no damage.
The adder is moderately wounded.
The adder completely misses you.
You completely miss the adder.
The adder is moderately wounded.
The adder misses you.
You scratch the adder. Your bite misses the adder.
The adder is almost dead.
The adder misses you. The adder bites you.
You are poisoned.
The adder poisons you!
You take 1 damage, and have 10/17 hp.
You barely miss the adder.
The adder is almost dead.
You feel sick. The adder bites you.
* * * LOW HITPOINT WARNING * * *
You are more poisoned.
The adder poisons you!
You take 5 damage, and have 5/17 hp.
MASSIVE DAMAGE!!
You closely miss the adder.
The adder is almost dead.
* * * LOW HITPOINT WARNING * * *
You feel very sick. The adder bites you.
You die... "Boring in life, boring in death..."

#....#)..#.......#
##.##.#.###.###†.....#
.........S###........#
#.###.###......#
#..#...#.......#
##..B...B#######
#######S# #S# #@# #.#
#.# #.# #.# #.# #.#
#.#


You could see an adder, a giant cockroach and a ball python.

Vanquished Creatures
  2 adders (D:2)
  A dart slug (D:1)
  An endoplasm (D:1)
  A giant cockroach (D:1)
  3 hobgoblins
  2 jackals (D:1)
  A quokka (D:1)
  3 ball pythons (D:1)
  4 bats
  A frilled lizard (D:1)
  3 goblins (D:1)
  4 kobolds (D:1)
  3 rats
29 creatures vanquished.

Notes
Turn   | Place    | Note
-------+----------+-------------------------------------------
     0 | D:1      | trckry the Felid Chaos Knight began the quest for the Orb.
     0 | D:1      | Reached XP level 1. HP: 10/10 MP: 2/2
   131 | D:1      | XOM: divination: magic mapping
   214 | D:1      | Reached XP level 2. HP: 14/14 MP: 3/3
   456 | D:1      | XOM: smoke on damage
   741 | D:2      | Reached XP level 3. HP: 17/17 MP: 4/4
   829 | D:2      | XOM: silly message
   831 | D:2      | Reached skill level 4 in Dodging
   949 | D:2      | HP: 2/17 [poisoned by an adder]
   949 | D:2      | Slain by an adder

Illustrated notes

Levels and vault maps discovered:
D:1:      beargit_arrival_diablo_church, layout_basic, st_stairs_14,
          minmay_misc_feat_more_columns
D:2:      layout_basic, minmay_between, uniq_crazy_yiuf_cottage

Skill      XL: |  1  2  3 |
---------------+----------+-----
Dodging        | 4 |  4.0
Fighting       | |  3.5
Stealth        | |  0.6
Unarmed Combat | |  3.4
Spellcasting   | |  0.2
Evocations     | |  0.4

Action                     || total
---------------------------++-------
  Melee: Unarmed           ||    85
         Bite              ||     7
         Punch             ||     1
   Stab: Sleeping          ||     1
 Armour: Skin              ||     5
  Dodge: Dodged            ||    66
